3L
ECHO PARK LAKERS @ KINGSTON TOWNSHIP KNIGHTS
08/31/2041
 
TOP OF THE 1ST
Echo Park Lakers batting - Pitching for Kingston Township Knights : RHP Currito Fonseca
Pitching: RHP Currito Fonseca
Batting: LHB Ramón Torres 0-0: Ball
1-0: Ground out U3 (Groundball, 3, EV 91.2 MPH)
Batting: LHB Joe Schreibvogel 0-0: Ball
1-0: Ball
2-0: Called Strike
2-1: Fly out, F9 (Flyball, 9, EV 81.9 MPH)
Batting: LHB Philip Todd 0-0: Ball
1-0: Foul Ball, location: 2F
1-1: Foul Ball, location: 2F
1-2: Ball
2-2: Foul Ball, location: 2F
2-2: Reached on error, E8 (Flyball, 8RS, EV 86.9 MPH)
Batting: RHB Komotay Koffie 0-0: Called Strike
0-1: Ground out 6-3 (Groundball, 6, EV 110.6 MPH)
Top of the 1st over - 0 runs, 0 hits, 1 error, 1 left on base; Echo Park 0 - Kingston Township 0
BOTTOM OF THE 1ST
Kingston Township Knights batting - Pitching for Echo Park Lakers : LHP Lance Barber
Pitching: LHP Lance Barber
Batting: RHB Daniel Maldonado 0-0: Ball
1-0: Ball
2-0: Ball
3-0: Called Strike
3-1: Base on Balls
Batting: RHB Amor Campos 0-0: Ball
1-0: Called Strike
1-1: Foul Ball, location: 2F
1-2: Fielders Choice at 2nd, 6-4 (Groundball, 56, EV 103.1 MPH)
Batting: RHB Daniel McCoy 0-0: Ball
1-0: Ball
2-0: Grounds into double play, 6-4-3 (Groundball, 6, EV 85.0 MPH)
Bottom of the 1st over - 0 runs, 0 hits, 0 errors, 0 left on base; Echo Park 0 - Kingston Township 0
TOP OF THE 2ND
Echo Park Lakers batting - Pitching for Kingston Township Knights : RHP Currito Fonseca
Batting: LHB José Vera 0-0: Swinging Strike
0-1: Ball
1-1: Foul Ball, location: 2F
1-2: Strikes out swinging
Batting: RHB Phil Gillespie 0-0: Called Strike
0-1: Ball
1-1: Swinging Strike
1-2: Strikes out swinging
Batting: LHB Ben Bullock 0-0: Foul Ball, location: 2F
0-1: Foul Ball, location: 2F
0-2: Ball
1-2: Ball
2-2: Ball
3-2: Strikes out swinging
Top of the 2nd over - 0 runs, 0 hits, 0 errors, 0 left on base; Echo Park 0 - Kingston Township 0
BOTTOM OF THE 2ND
Kingston Township Knights batting - Pitching for Echo Park Lakers : LHP Lance Barber
Batting: RHB Holden Ford 0-0: Swinging Strike
0-1: Ball
1-1: Foul Ball, location: 2F
1-2: SINGLE (Groundball, 56D, EV 96.9 MPH)
Batting: RHB Takenao Wakabayashi 0-0: Ball
1-0: SINGLE (Line Drive, 9S, EV 91.9 MPH)
Holden Ford to second
Batting: LHB Ed Mellor 0-0: Ball
1-0: Called Strike
1-1: SINGLE (Line Drive, 6MD, EV 106.9 MPH)
Holden Ford to third
Takenao Wakabayashi to second
Batting: RHB Jorge Ozezera 0-0: Called Strike
0-1: Foul Ball, location: 2F
0-2: Strikes out swinging
Batting: RHB Glenn Curtis 0-0: Ball
1-0: Grounds into double play, 4-6-3 (Groundball, 4, EV 90.0 MPH)
Bottom of the 2nd over - 0 runs, 3 hits, 0 errors, 2 left on base; Echo Park 0 - Kingston Township 0
TOP OF THE 3RD
Echo Park Lakers batting - Pitching for Kingston Township Knights : RHP Currito Fonseca
Batting: RHB Omer van de Linde 0-0: Foul Ball, location: 2F
0-1: Foul Ball, location: 2F
0-2: Ball
1-2: SINGLE (Line Drive, 89M, EV 101.2 MPH)
Batting: RHB Ger Jobse 0-0: Foul Ball, location: 2F
0-1: Called Strike
0-2: Ball
1-2: Ball
2-2: SINGLE (Groundball, 56, EV 102.5 MPH) (infield hit)
Omer van de Linde to second
Batting: LHB Ramón Torres 0-0: Ball
1-0: Called Strike
1-1: Foul Ball, location: 2F
1-2: DOUBLE (Flyball, 8RD, EV 91.2 MPH)
Omer van de Linde scores
Ger Jobse to third
Runner from 3rd tries for Home, SAFE, throw by CF to home
Batting: LHB Joe Schreibvogel 0-0: Ball
1-0: Ball
2-0: Foul Ball, location: 2F
2-1: Fly out, F7 (Flyball, 7LSF, EV 88.1 MPH)
Batting: LHB Philip Todd 0-0: Ball
Wild Pitch!
Ramón Torres to third
1-0: Ball
2-0: Ball
3-0: Called Strike
3-1: Foul Ball, location: 2F
3-2: Base on Balls
Batting: RHB Komotay Koffie 0-0: Grounds into double play, 5-4-3 (Groundball, 5, EV 85.6 MPH)
Top of the 3rd over - 2 runs, 3 hits, 0 errors, 1 left on base; Echo Park 2 - Kingston Township 0
BOTTOM OF THE 3RD
Kingston Township Knights batting - Pitching for Echo Park Lakers : LHP Lance Barber
Batting: RHB Khal Drogo 0-0: Ball
1-0: Called Strike
1-1: Ball
2-1: SINGLE (Flyball, 78S, EV 94.4 MPH)
Batting: RHB Daniel Maldonado 0-0: Ball
1-0: Called Strike
1-1: Ball
2-1: Foul Ball, location: 2F
2-2: Ball
3-2: Reached on error, E6 (Groundball, 6, EV 105.6 MPH)
Khal Drogo to second
Batting: RHB Amor Campos 0-0: Ball
1-0: Fly out, F8 (Flyball, 8LS, EV 95.0 MPH)
Batting: RHB Daniel McCoy 0-0: Foul Ball, location: 2F
0-1: Ball
1-1: Ball
2-1: Foul Ball, location: 2F
2-2: Fly out, F9 (Line Drive, 9, EV 91.9 MPH)
Batting: RHB Holden Ford 0-0: Ball
1-0: Called Strike
1-1: Called Strike
1-2: Foul Ball, location: 2F
1-2: Foul Ball, location: 2F
1-2: Strikes out swinging
Bottom of the 3rd over - 0 runs, 1 hit, 1 error, 2 left on base; Echo Park 2 - Kingston Township 0
TOP OF THE 4TH
Echo Park Lakers batting - Pitching for Kingston Township Knights : RHP Currito Fonseca
Batting: LHB José Vera 0-0: Called Strike
0-1: Ball
1-1: Foul Ball, location: 2F
1-2: Ball
2-2: Foul Ball, location: 2F
2-2: Foul Ball, location: 2F
2-2: Fly out, F8 (Flyball, 8RD, EV 93.8 MPH)
Batting: RHB Phil Gillespie 0-0: Ball
1-0: Ball
2-0: Ball
3-0: Called Strike
3-1: Fly out, F9 (Flyball, 9LS, EV 84.4 MPH)
Batting: LHB Ben Bullock 0-0: Called Strike
0-1: Called Strike
0-2: Ball
1-2: Foul Ball, location: 2F
1-2: Foul Ball, location: 2F
1-2: Foul Ball, location: 2F
1-2: Ball
2-2: Strikes out swinging
Top of the 4th over - 0 runs, 0 hits, 0 errors, 0 left on base; Echo Park 2 - Kingston Township 0
BOTTOM OF THE 4TH
Kingston Township Knights batting - Pitching for Echo Park Lakers : LHP Lance Barber
Batting: RHB Takenao Wakabayashi 0-0: Ball
1-0: Called Strike
1-1: SINGLE (Line Drive, 8RS, EV 103.8 MPH)
Batting: LHB Ed Mellor 0-0: Foul Ball, location: 2F
0-1: Fly out, F6 (Line Drive, 6, EV 75.0 MPH)
Batting: RHB Jorge Ozezera 0-0: Called Strike
Takenao Wakabayashi is caught stealing 2nd base 2-4
0-1: Called Strike
0-2: Ball
1-2: DOUBLE (Groundball, 5L, EV 98.1 MPH)
Batting: RHB Glenn Curtis 0-0: Foul Ball, location: 2F
0-1: Ball
1-1: Foul Ball, location: 2F
1-2: Ground out 1-3 (Groundball, 13, EV 66.2 MPH)
Bottom of the 4th over - 0 runs, 2 hits, 0 errors, 1 left on base; Echo Park 2 - Kingston Township 0
TOP OF THE 5TH
Echo Park Lakers batting - Pitching for Kingston Township Knights : RHP Currito Fonseca
Batting: RHB Omer van de Linde 0-0: Swinging Strike
0-1: Ground out 3-1 (Groundball, 34S, EV 66.9 MPH)
Batting: RHB Ger Jobse 0-0: Ground out 6-3 (Groundball, 6, EV 96.2 MPH)
Batting: LHB Ramón Torres 0-0: Called Strike
0-1: Ball
1-1: Ground out U3 (Groundball, 3, EV 95.6 MPH)
Top of the 5th over - 0 runs, 0 hits, 0 errors, 0 left on base; Echo Park 2 - Kingston Township 0
BOTTOM OF THE 5TH
Kingston Township Knights batting - Pitching for Echo Park Lakers : LHP Lance Barber
Batting: RHB Khal Drogo 0-0: Swinging Strike
0-1: Foul Ball, location: 2F
0-2: Ball
1-2: Ball
2-2: Fly out, F6 (Line Drive, 6, EV 70.0 MPH)
Batting: RHB Daniel Maldonado 0-0: Foul Ball, location: 2F
0-1: Foul Ball, location: 2F
0-2: Fly out, F4 (Popup, 4S, EV 67.5 MPH)
Batting: RHB Amor Campos 0-0: Called Strike
0-1: Fly out, F8 (Line Drive, 8LD, EV 101.9 MPH)
Bottom of the 5th over - 0 runs, 0 hits, 0 errors, 0 left on base; Echo Park 2 - Kingston Township 0
TOP OF THE 6TH
Echo Park Lakers batting - Pitching for Kingston Township Knights : RHP Currito Fonseca
Batting: LHB Joe Schreibvogel 0-0: Swinging Strike
0-1: Ground out 1-3 (Groundball, 15, EV 80.6 MPH)
Batting: LHB Philip Todd 0-0: Foul Ball, location: 2F
0-1: Fly out, F5 (Popup, 5, EV 67.5 MPH)
Batting: RHB Komotay Koffie 0-0: Foul Ball, location: 2F
0-1: Swinging Strike
0-2: TRIPLE (Line Drive, 89XD, EV 103.8 MPH)
Batting: LHB José Vera 0-0: Swinging Strike
0-1: Ball
1-1: Ball
2-1: Foul Ball, location: 2F
2-2: SINGLE (Groundball, 34D, EV 99.4 MPH)
Komotay Koffie scores
Batting: RHB Phil Gillespie 0-0: Called Strike
0-1: Foul Ball, location: 2F
0-2: Strikes out swinging
Top of the 6th over - 1 run, 2 hits, 0 errors, 1 left on base; Echo Park 3 - Kingston Township 0
BOTTOM OF THE 6TH
Kingston Township Knights batting - Pitching for Echo Park Lakers : LHP Lance Barber
Batting: RHB Daniel McCoy 0-0: Ball
1-0: DOUBLE (Line Drive, 7LM, EV 106.2 MPH)
Batting: RHB Holden Ford 0-0: Called Strike
0-1: Swinging Strike
0-2: SINGLE (Line Drive, 4M, EV 102.5 MPH)
Daniel McCoy to third
Batting: RHB Takenao Wakabayashi 0-0: Called Strike
0-1: Ball
1-1: Swinging Strike
1-2: Strikes out swinging
Pitching: LHP Francisco Rivas
Batting: LHB Ed Mellor 0-0: Ball
1-0: Called Strike
1-1: Fly out, F7 (Flyball, 78D, EV 106.9 MPH)
Runner from 3rd tags up, SCORES, throw by LF
Batting: RHB Jorge Ozezera 0-0: SINGLE (Groundball, 56D, EV 106.9 MPH)
Holden Ford to second
Batting: RHB Glenn Curtis 0-0: Ball
1-0: Ground out 5-3 (Groundball, 56S, EV 68.1 MPH)
Bottom of the 6th over - 1 run, 3 hits, 0 errors, 2 left on base; Echo Park 3 - Kingston Township 1
TOP OF THE 7TH
Echo Park Lakers batting - Pitching for Kingston Township Knights : RHP Currito Fonseca
Batting: LHB Ben Bullock 0-0: Ball
1-0: DOUBLE (Groundball, 3L, EV 107.5 MPH)
Batting: RHB Omer van de Linde 0-0: Foul Ball, location: 2F
0-1: Ball
1-1: Foul Ball, location: 2F
1-2: Strikes out swinging
Batting: RHB Ger Jobse 0-0: Called Strike
0-1: Foul Ball, location: 2F
0-2: Ball
1-2: SINGLE (Line Drive, 7LS, EV 95.0 MPH)
Ben Bullock to third
Runner from 3rd tries for Home, SAFE, throw by LF to home
Pitching: RHP Kent Horton
Batting: LHB Ramón Torres 0-0: Ball
1-0: Swinging Strike
1-1: Called Strike
1-2: SINGLE (Groundball, 4D, EV 95.6 MPH)
Ger Jobse to second
Runner from 2nd tries for 3rd, SAFE, no throw by CF
Batting: LHB Joe Schreibvogel 0-0: Ball
Ramón Torres is caught stealing 2nd base 2-6
1-0: Ground out 6-3 (Groundball, 6, EV 86.2 MPH)
Top of the 7th over - 1 run, 3 hits, 0 errors, 1 left on base; Echo Park 4 - Kingston Township 1
BOTTOM OF THE 7TH
Kingston Township Knights batting - Pitching for Echo Park Lakers : LHP Francisco Rivas
Batting: RHB Khal Drogo 0-0: Ball
1-0: Foul Ball, location: 2F
1-1: Foul Ball, location: 2F
1-2: SINGLE (Flyball, 9LM, EV 84.4 MPH)
Batting: RHB Daniel Maldonado 0-0: Called Strike
0-1: Ball
1-1: Reached on error, E5 (Groundball, 56S, EV 81.9 MPH)
Khal Drogo to second
Batting: RHB Amor Campos 0-0: Called Strike
0-1: Ball
1-1: Ball
2-1: Swinging Strike
2-2: Fly out, F8 (Flyball, 8LS, EV 85.6 MPH)
Batting: RHB Daniel McCoy 0-0: Ball
1-0: Called Strike
Khal Drogo steals 3rd base
Daniel Maldonado to second
1-1: Foul Ball, location: 2F
1-2: Ball
2-2: Ball
3-2: Ground out 5-3 (Groundball, 5, EV 100.6 MPH)
Batting: RHB Holden Ford 0-0: Ball
1-0: Called Strike
1-1: Foul Ball, location: 2F
1-2: Ball
2-2: Ball
3-2: Base on Balls
Batting: RHB Takenao Wakabayashi 0-0: Called Strike
0-1: Foul Ball, location: 2F
0-2: Ball
1-2: Ball
2-2: SINGLE (Line Drive, 8RS, EV 93.8 MPH)
Khal Drogo scores
Daniel Maldonado to third
Holden Ford to second
Runner from 3rd tries for Home, SAFE, no throw by CF
Batting: LHB Ed Mellor 0-0: Ball
1-0: Called Strike
1-1: Fielders Choice at 2nd, 5-4 (Groundball, 6, EV 79.4 MPH)
Bottom of the 7th over - 2 runs, 2 hits, 1 error, 2 left on base; Echo Park 4 - Kingston Township 3
TOP OF THE 8TH
Echo Park Lakers batting - Pitching for Kingston Township Knights : RHP Kent Horton
Batting: LHB Philip Todd 0-0: Foul Ball, location: 2F
0-1: Called Strike
0-2: Ball
1-2: Ball
2-2: Fly out, F8 (Flyball, 8RS, EV 88.8 MPH)
Batting: RHB Komotay Koffie 0-0: Foul Ball, location: 2F
0-1: Swinging Strike
0-2: Ball
1-2: Strikes out swinging
Batting: LHB José Vera 0-0: Called Strike
0-1: Ground out 6-3 (Groundball, 6, EV 88.1 MPH)
Top of the 8th over - 0 runs, 0 hits, 0 errors, 0 left on base; Echo Park 4 - Kingston Township 3
BOTTOM OF THE 8TH
Kingston Township Knights batting - Pitching for Echo Park Lakers : LHP Francisco Rivas
Batting: RHB Jorge Ozezera 0-0: Ball
1-0: Ball
2-0: Swinging Strike
2-1: Foul Ball, location: 2F
2-2: Ground out 6-3 (Groundball, 6, EV 101.9 MPH)
Batting: RHB Glenn Curtis 0-0: Ball
1-0: Called Strike
1-1: Swinging Strike
1-2: Ball
2-2: Strikes out swinging
Pitching: RHP Craig Wash
Batting: RHB Khal Drogo 0-0: Called Strike
0-1: Foul Ball, location: 2F
0-2: Ball
1-2: Strikes out looking
Bottom of the 8th over - 0 runs, 0 hits, 0 errors, 0 left on base; Echo Park 4 - Kingston Township 3
TOP OF THE 9TH
Echo Park Lakers batting - Pitching for Kingston Township Knights : RHP Kent Horton
Batting: RHB Phil Gillespie 0-0: Ball
1-0: Foul Ball, location: 2F
1-1: Swinging Strike
1-2: Strikes out looking
Batting: LHB Ben Bullock 0-0: Ball
1-0: Called Strike
1-1: Fly out, F5 (Popup, 5S, EV 71.9 MPH)
Batting: RHB Omer van de Linde 0-0: Foul Ball, location: 2F
0-1: Ball
1-1: Called Strike
1-2: Ground out 6-3 (Groundball, 6, EV 100.0 MPH)
Top of the 9th over - 0 runs, 0 hits, 0 errors, 0 left on base; Echo Park 4 - Kingston Township 3
BOTTOM OF THE 9TH
Kingston Township Knights batting - Pitching for Echo Park Lakers : RHP Craig Wash
Pitching: LHP Onson Sweemey
Now in LF: Chip Mullaney
Batting: RHB Daniel Maldonado 0-0: Ball
1-0: Ball
2-0: Foul Ball, location: 2F
2-1: Foul Ball, location: 2F
2-2: SINGLE (Groundball, 6MD, EV 99.4 MPH)
Batting: RHB Amor Campos 0-0: Ball
1-0: Foul Ball, location: 2F
1-1: Foul Ball, location: 2F
1-2: Foul Ball, location: 2F
1-2: Ball
2-2: Grounds into double play, 6-4-3 (Groundball, 6, EV 106.2 MPH)
Batting: RHB Daniel McCoy 0-0: Ball
1-0: Fly out, F7 (Flyball, 7D, EV 86.9 MPH)
Bottom of the 9th over - 0 runs, 1 hit, 0 errors, 0 left on base; Echo Park 4 - Kingston Township 3
Tuesday, January 5th, 2021 - OOTP Baseball 20.8 Build 74